AoeStats
← ForeverNoob

Arena

510442813Analyzed
2v2 RM · 1d ago on Oct 1, 2026· 61m 53s· 4 players
Game mode
Random Map
Map size
Medium (4 player)
Population
200
Speed
Normal
Resources
Standard
Victory
Conquest
Starting age
Dark Age
Ending age
Imperial Age
RankedLock teamsTeams togetherTeam positionsShared explorationLock speedFull tech treeHidden civsTurbo modeCheats
Victory
Defeat
🇺🇸 Tupi · United States
1773
+8
🇺🇸 Mongols · United States
1648
+12
🇩🇪 Saxons · Germany
1569
-10
🇺🇸 Vietnamese · United States
1569
-10
ForeverNoob
10:25 Feudal Age
11:47 Double-Bit Axe
14:28 Castle Age
16:10 Loom
16:45 Town Watch
18:51 Fletching
21:45 Bodkin Arrow
22:29 Padded Archer Armor
25:31 Leather Archer Armor
29:19 Wheelbarrow
31:59 Bloodlines
32:22 Horse Collar
32:57 Scale Barding Armor
33:29 Husbandry
35:07 Forging
37:22 Gold Mining
36:55 Light Cavalry
38:00 Bow Saw
38:35 Chain Barding Armor
45:50 Imperial Age
43:37 Hand Cart
43:53 Stone Mining
44:11 Heavy Plow
45:54 Capped Ram
47:16 Drill
46:18 Hussar
47:23 Conscription
46:48 Siege Ram
48:31 Iron Casting
50:36 Heavy Scorpion
52:42 Siege Engineers
55:45 Chemistry
63:25 Blast Furnace
Muzio
10:13 Feudal Age
14:07 Castle Age
12:25 Double-Bit Axe
15:03 Bow Saw
20:09 Horse Collar
22:27 Wheelbarrow
22:59 Gold Mining
23:14 Heavy Plow
24:11 Hand Cart
26:18 Gold Mining
30:00 Imperial Age
27:20 Loom
28:21 Squires
28:23 Scale Mail Armor
29:24 Gold Shaft Mining
29:25 Chain Mail Armor
29:01 Fletching
30:13 Town Watch
30:45 Forging
30:12 Elite Ibirapema Warrior
31:44 Bodkin Arrow
32:44 Plate Mail Armor
33:45 Ballistics
34:57 Chemistry
33:58 Bracer
33:59 Padded Archer Armor
34:57 Iron Casting
36:49 Stone Mining
37:28 Leather Archer Armor
40:33 Ring Archer Armor
40:12 Elite Blackwood Archer
47:25 Two-Man Saw
BDD || Q
10:55 Feudal Age
14:25 Castle Age
12:28 Double-Bit Axe
15:13 Wheelbarrow
15:41 Bow Saw
17:09 Loom
25:03 Imperial Age
23:18 Scale Mail Armor
23:32 Fletching
24:57 Bodkin Arrow
26:45 Padded Archer Armor
27:45 Leather Archer Armor
27:34 Bracer
29:12 Ballistics
29:25 Gold Mining
32:57 Leather Archer Armor
33:40 Hand Cart
33:57 Horse Collar
36:22 Chemistry
38:46 Heavy Plow
39:49 Two-Man Saw
43:15 Masonry
42:57 Stone Mining
43:30 Paper Money
45:34 Elite Rattan Archer
46:08 Elite Fire Lancer
47:12 Squires
47:14 Scale Mail Armor
47:54 Ring Archer Armor
47:57 Forging
48:35 Chain Mail Armor
49:07 Ring Archer Armor
49:27 Iron Casting
50:27 Plate Mail Armor
54:20 Siege Engineers
53:55 Treadmill Crane
55:15 Hoardings
54:21 Pikeman
BDD || J
10:38 Feudal Age
14:12 Castle Age
12:00 Double-Bit Axe
12:03 Horse Collar
15:04 Bow Saw
17:31 Wheelbarrow
22:18 Hand Cart
22:11 Gold Mining
22:36 Town Watch
22:36 Loom
22:58 Stone Mining
24:18 Town Patrol
28:06 Imperial Age
26:02 Heavy Plow
26:24 Fletching
26:35 Padded Archer Armor
27:20 Gold Shaft Mining
26:12 Elite Skirmisher
27:28 Bodkin Arrow
28:13 Leather Archer Armor
28:25 Thumb Ring
28:47 Bracer
29:49 Two-Man Saw
29:23 Ballistics
30:06 Scale Mail Armor
30:17 Forging
30:48 Squires
30:33 Gambesons
30:34 Arson
31:19 Chain Mail Armor
31:34 Conscription
32:28 Chemistry
32:36 Ring Archer Armor
33:17 Plate Mail Armor
33:23 Iron Casting
34:08 Elite Varangian Guard
35:12 Shield Wall
36:19 Masonry
37:37 Heavy Mounted Crossbowman
37:38 Cranequins
38:02 Imperial Skirmisher
39:01 Scale Barding Armor
40:08 Architecture
42:46 Husbandry
43:03 Bloodlines
47:07 Crossbowman
48:28 Arbalester
49:10 Capped Ram
50:28 Siege Ram
53:15 Pikeman
Connection lost

Rejoining the realm…

Still unreachable

The connection could not be restored.

Session expired

The server has moved on; the page needs a fresh start.